Cogmind - Beta 14 @@@ ROGUE MODE // 2024.08.07 @ 17:12:01 Player: Some Pennies Result: Destroyed by G-34 Mercenary with Small Laser Performance ------------- Evolutions (0) 0 Regions Visited (1) 200 Robots Destroyed (30) 150 Value Destroyed (613) 613 Prototype IDs (6) 120 Alien Tech Used (0) 0 Bonus (0) 0 TOTAL SCORE: 1083 Bonus ------- None Cogmind --------- Core Integrity 0/250 Matter 264/300 Energy 73/100 System Corruption 1% Temperature Cool (6) Movement Treading (160) Location -10/Materials Parts ------- > --- POWER (1) -------- (None) > --- PROPULSION (2) --- Light Treads > --- UTILITY (2) ------ Improved Heat Sink Medium Storage Unit > --- WEAPON (2) ------- Hammer > --- INVENTORY (10) --- Improved Heat Sink Improved Heat Sink Visual Processing Unit Shield Generator Shield Generator Shield Generator Tractor Beam Datajack Peak State ------------ > --- POWER ------------ Light Nuclear Core > --- PROPULSION ------- Light Treads Light Treads > --- UTILITY ---------- Improved Heat Sink Small Storage Unit > --- WEAPON ----------- Assault Rifle Assault Rifle > --- INVENTORY -------- Aluminum Leg Heat Sink Visual Processing Unit Improved Terrain Scanner Tractor Beam Light Assault Rifle Datajack Hammer [Rating: 12] Favorites ----------- Power Ion Engine Engine Ion Engine Power Core Light Nuclear Core Propulsion Light Treads Treads Light Treads Wheel Compact Wheel Utility Small Storage Unit Device Seismic Detector Storage Small Storage Unit Weapon Assault Rifle Energy Gun Medium Laser Ballistic Gun Assault Rifle Impact Weapon Hammer Build | -11 -10 ------- Run | Yrd Mat Slots Evolved . | . . Power . | . . Propulsion . | . . Utility . | . . Weapon . | . . Parts Attached 24 | 11 13 Power 3 | 2 1 Engine 2 | 2 . Core 1 | . 1 Reactor . | . . Propulsion 7 | 2 5 Treads 6 | 1 5 Leg . | . . Wheel 1 | 1 . Hover . | . . Flight . | . . Utility 7 | 4 3 Device 5 | 3 2 Storage 2 | 1 1 Processor . | . . Hackware . | . . Protection . | . . Artifact . | . . Weapon 7 | 3 4 Energy Gun 2 | 2 . Energy Cannon . | . . Ballistic Gun 4 | 1 3 Ballistic Cannon . | . . Launcher . | . . Special Weapon . | . . Impact Weapon 1 | . 1 Slashing Weapon . | . . Piercing Weapon . | . . Special Melee Weapon . | . . Unidentified Prototypes . | . . Parts Lost 6 | . 6 Power 1 | . 1 Propulsion 2 | . 2 Utility . | . . Weapon 3 | . 3 Highest Loss Streak 4 | . 4 To Critical Strikes . | . . Average Slot Usage (%) 94 | . 94 Engine 5 | . 5 Core 4 | . 4 Treads 26 | . 26 Wheel 1 | . 1 Device 14 | . 14 Storage 14 | . 14 Energy Gun 4 | . 4 Ballistic Gun 22 | . 22 Peak Build Rating 12 | 9 12 Average Rating 8 | 6 8 On Entrance 3 | . 7 Naked Turns . | . . Heaviest Build 15 | 14 15 Greatest Support 40 | 20 40 Greatest Overweight (x) 3 | 2 3 Average Overweight (x) . | . . Largest Inventory Capacity 10 | 8 10 Average Capacity 8 | 7 8 Most Carried 10 | 7 10 Average Carried 7 | 4 8 Final Capacity 10 | 8 10 Final Carried 8 | 6 8 Class Distribution -------------------- 100% | Mutant Dominant Class ---------------- Mutant | -10/Materials Resources | -11 -10 ----------- Run | Yrd Mat Matter Collected 745 | 321 424 Remotely . | . . Salvage Created 1059 | 168 891 Parts 68 | 14 54 Haulers Intercepted 2 | . 2 Recyclers Shooed 1 | 1 . Parts Field Recycled . | . . Retrieved Matter . | . . Parts Self-Destructed . | . . Prevented . | . . Kills | -11 -10 ------- Run | Yrd Mat Combat Hostiles Destroyed 13 | . 13 Guns 13 | . 13 Classes Destroyed 7 | 3 4 Worker 4 | 1 3 Tunneler 5 | 4 1 Hauler 2 | . 2 Recycler 2 | 1 1 Operator 1 | . 1 Watcher 3 | . 3 Grunt 13 | . 13 Best Kill Streak 4 | 2 4 Combat Bots Only 4 | . 4 Max Kills in Single Turn 1 | 1 1 Gunslinging . | . . Exploded . | . . Melee . | . . Uniques/NPCs Destroyed . | . . Combat | -11 -10 -------- Run | Yrd Mat Hostile Shots Fired 113 | . 113 Missed 24 | . 24 Damage Taken 1059 | . 1059 Core 259 | . 259 Absorbed by Shields . | . . Core Remaining (%) 100 | 100 . Volleys Fired 115 | 31 84 Largest 2 | 2 2 Hottest 70 | 70 70 Shots Fired 219 | 62 157 Gun 219 | 62 157 Cannon . | . . Launcher . | . . Special . | . . Kinetic 171 | 31 140 Thermal 48 | 31 17 Explosive . | . . Electromagnetic . | . . Robot Hit Streak 15 | 5 15 Robot Miss Streak 5 | 3 5 Penetration Max . | . . Secondary Targets 3 | . 3 Max Gunslinging Chain 1 | . 1 Shots Hit Robots 143 | 40 103 Core Hits 55 | 10 45 Critical Kills 1 | . 1 Critical Parts Destroyed 1 | . 1 Critical Strikes 2 | . 2 Destroy 2 | . 2 Melee Attacks 1 | . 1 Impact 1 | . 1 Slashing . | . . Piercing . | . . Sneak Attacks . | . . Combat Hostiles . | . . Follow-up Attacks . | . . Damage Inflicted 1541 | 396 1145 Guns 1526 | 396 1130 Cannons . | . . Explosions . | . . Melee 15 | . 15 Ramming . | . . Kinetic 1149 | 145 1004 Thermal 377 | 251 126 Explosive . | . . Electromagnetic . | . . Impact 15 | . 15 Slashing . | . . Piercing . | . . Highest Corruption 1 | . 1 Average Corruption 1 | . 1 Corruption Purged . | . . Corruption Blocked . | . . Effects 7 | . 7 Message Errors 4 | . 4 Matter Fused 2 | . 2 Misfires 1 | . 1 Overload Shots . | . . Overflow Damage . | . . Projectiles . | . . Explosions . | . . Melee . | . . Knockbacks . | . . Impact . | . . Kinetic . | . . Secondary . | . . Self-Inflicted Damage . | . . Shots . | . . Rammed . | . . Targets Rammed . | . . Kicked . | . . Crushed . | . . Highest Temperature 120 | 120 120 Average Temperature 34 | 38 30 Received Heat Transfer 588 | . 588 Siege Activations . | . . Robots Corrupted . | . . Combat Hostiles . | . . Parts Fried 3 | . 3 Impact Corruptions . | . . Robots Melted . | . . Combat Hostiles . | . . Parts Melted . | . . Heat Transferred 1110 | 740 370 Parts Sabotaged . | . . Parts Stolen . | . . Parts Stripped . | . . Power Chain Reactions . | . . Alert | -11 -10 ------- Run | Yrd Mat Peak Influence 350 | 30 350 Initial 19 | . 19 Average 103 | 11 124 Maximum Alert Level 1 | . 1 Low Security (%) 85 | 100 81 Level 1 14 | . 18 Level 2 . | . . Level 3 . | . . Level 4 . | . . Level 5 . | . . High Security . | . . Max Security . | . . Squads Dispatched 4 | . 4 Investigation 3 | . 3 Extermination . | . . Reinforcement 1 | . 1 Assault . | . . Garrison . | . . Intercept . | . . Searches Triggered . | . . Construction Impeded . | . . Haulers Reinforced . | . . Active Scanning Responses . | . . Cargo Convoy Interrupts . | . . Stealth | -11 -10 --------- Run | Yrd Mat Distress Signals 1 | . 1 Communications Jammed . | . . Distress Signals . | . . Times Spotted 25 | . 25 Peak Tracking Total 4 | . 4 Tactical Retreats 3 | . 3 Traps | -11 -10 ------- Run | Yrd Mat Traps Triggered 3 | . 3 Indirectly . | . . Trap Hack Attempts . | . . Triggered . | . . Disarmed . | . . Reprogrammed 5 | . 5 Reused 4 | . 4 Traps Extracted . | . . Installed . | . . Triggered 4 | . 4 Machines | -11 -10 ---------- Run | Yrd Mat Machines Disabled . | . . Max in Single Turn . | . . Machines Repaired . | . . Machines Dismantled . | . . Machines Sabotaged . | . . Overloaded Fab Kills . | . . Hacking | -11 -10 --------- Run | Yrd Mat Machines Accessed 6 | . 6 Terminals 4 | . 4 Fabricators . | . . Repair Stations . | . . Recycling Units 2 | . 2 Scanalyzers . | . . Garrison Access . | . . Total Hacks 19 | . 19 Successful 8 | . 8 Failed 11 | . 11 Catastrophic 1 | . 1 Database Lockouts . | . . Manual 5 | . 5 Terminals 14 | . 14 Fabricators . | . . Repair Stations . | . . Recycling Units 5 | . 5 Scanalyzers . | . . Garrison Access . | . . Terminal Hacks 6 | . 6 Prototype ID Bank 3 | . 3 Locate Traps 1 | . 1 Reprogram Traps 1 | . 1 Hauler Manifests 1 | . 1 Fabricator Hacks . | . . Repair Station Hacks . | . . Recycling Unit Hacks 1 | . 1 Retrieve Components 1 | . 1 Scanalyzer . | . . Garrison Access Hacks . | . . Unauthorized Hacks 1 | . 1 Terminals . | . . Fabricators . | . . Repair Stations . | . . Recycling Units 1 | . 1 Tunnel 1 | . 1 Scanalyzers . | . . Garrison Access . | . . Data Cores Recovered . | . . Used . | . . Hacking Detections 5 | . 5 Full Trace Events 4 | . 4 Feedback Events . | . . Feedback Blocked . | . . Robot Schematics Acquired . | . . Robots Built . | . . Authchips . | . . Time . | . . Total Robot Build Rating . | . . Part Schematics Acquired . | . . Parts Built . | . . Authchips . | . . Time . | . . Total Part Build Rating . | . . Parts Repaired . | . . Time . | . . Parts Recycled . | . . Recycled Matter . | . . Retrieved Matter . | . . Retrieved Components 10 | . 10 Parts Scanalyzed . | . . Part Schematics Acquired . | . . Parts Damaged . | . . Bothacking | -11 -10 ------------ Run | Yrd Mat Used RIF Installer . | . . Robots Hacked . | . . Non-combat . | . . Combat . | . . Robot Hacks Applied . | . . Relay Couplers Released . | . . Fabnet Peak Effective % . | . . Robots Rewired . | . . Allies Hacked . | . . Hacks Repelled . | . . Allies | -11 -10 -------- Run | Yrd Mat Total Allies . | . . Largest Group . | . . Highest-Rated Group . | . . Highest-Rated Ally . | . . Total Orders . | . . Ally Attacks . | . . Total Damage . | . . Kills . | . . Allies Corrupted . | . . Allies Melted . | . . Intel | -11 -10 ------- Run | Yrd Mat Robot Analysis Total . | . . Derelict Logs Recovered . | . . Drone Launches . | . . Drone Recoveries . | . . Exploration | -11 -10 ------------- Run | Yrd Mat Turns Passed 1314 | 241 1073 Spaces Moved 643 | 131 512 Core 6 | 5 1 Treads 452 | 2 450 Legs . | . . Wheels 185 | 124 61 Hover . | . . Flight . | . . Fastest Speed 50 | 50 100 Average Speed 142 | 100 152 Slowest Speed 200 | 160 200 Overloaded Moves . | . . Propulsion Burnouts . | . . Robots Hopped . | . . Cave-ins Triggered . | . . Exploration Rate (%) 41 | 5 77 Regions Visited 1 Branch Regions . Pre-discovered Areas 1 | . 1 Known Exits Taken . | . . Unknown Exits Taken 1 | 1 . Scrap Searched . | . . Spaces Dug . | . . Terrain Destroyed . | . . Melee . | . . Projectile . | . . AOE . | . . Terrain Rammed . | . . Walls Destroyed . | . . Machines Disabled . | . . Actions | -11 -10 --------- Run | Yrd Mat Total 838 | 180 658 Wait 24 | . 24 Move 642 | 130 512 Hop . | . . Pick Up 17 | 6 11 Fast Attach 12 | 7 5 Attach 4 | 1 3 Detach 1 | 1 . Swap 8 | 3 5 Drop 14 | 1 13 Fire 115 | 31 84 Melee 1 | . 1 Ram . | . . Kick . | . . Crush . | . . Escape Stasis . | . . Rewire . | . . Trap . | . . Miscellaneous . | . . Route ------- -11/Scrapyard -10/Materials (discovered 3 exits: [*Mat x2] / [*Min]) History --------- Turn | Location | Event 20 | -11/Scrapyard | Discovered new exit (range 15) 242 | -11/Scrapyard | Entered Materials 268 | -10/Materials | Discovered new exit (range 7) 303 | -10/Materials | Discovered new exit (range 6) 314 | -10/Materials | Build established: Mutant 562 | -10/Materials | Discovered new exit (range 8) 1278 | -10/Materials | Core integrity fell below 50% 1304 | -10/Materials | Core integrity fell below 20% 1315 | -10/Materials | Destroyed by G-34 Mercenary with Small Laser Last Messages --------------- 01244_ Lgt. Treads severed. 01245_ Acquired Lgt. Treads. 01250_ G-34 Mercenary destroyed. 01260_ U-05 Engineer lays Concrete. 01270_ G-34 Mercenary destroyed. 01270_ Switching to secondary target: G-34 Mercenary. 01273_ G-34 Mercenary destroyed. 01280_ Assault Rifle destroyed. 01281_ Triggered Blade Trap. 01281_ Massive razor-sharp blades shoot up from within the floor. 01281_ Lgt. Treads severed. 01283_ Acquired Lgt. Treads. 01288_ U-05 Engineer lays Concrete. 01292_ U-05 Engineer destroyed. 01292_ G-34 Mercenary destroyed. 01295_ Lgt. Treads destroyed. 01307_ Lgt. Assault Rifle destroyed. 01312_ Acquired 54 matter. Map ----- +----------------------------------------------------+ | ?# """ ## + #??????????????? | | ?# """ ## """ # #??????????????? | | ?# """ ## """ # #??????????????? | | ?# ## """ # [ #####??????????? | | ?# """ ## # #??????????? | | ##% """ ##= # < #??????????? | | #= """ ######### ^^^^^#??????????? | | #=* #???????### ###??????????? | | ##########?????????# ############## | | #??# ########### # T # | | #### # """ """ # | | + T + """ """ # | | ##### # """ """[ | # | | ????# #############+# [ | # | | ????## ##???# ############## | | ?????#%! #????# T *#?# """ #?? | | ?????#== #????# #?# "T"= #?? | | ?????#!%!#????# #?# " " !=!### | | ?????# ! #????#########+### [[[""# | | ?????# #???????# # *=Y"# | | ###### %#####???# + """!""# | | #% [ !!#???# # """/### | | """ # !!#???# =*# """!#?? | | """ # ! !#???# """[![# #?? | | """ + #???# """=g%##+##+####?? | | # ==#???# """=*@!%[[ #????? | | =# ==#???# =!==%####????? | | ###### #####???# =#???????? | | ##### #??????##+#######g #???????? | | ######## #^^#???????? | | % + # #???????? | | ######## # #???????? | | ##### #??????# + +???????? | | ?######+######???# # #???????? | | ?# #???# ! # #???????? | | ?# #???# ####???????? | | ?# """ #???# #??????????? | | ?# """ #???# #??????????? | | ?# """ #???##########??????????? | | ?# ! #???????????????????????? | | ?# #???????????????????????? | | ?#############???????????????????????? | | | | | | | | | | | | | | | | | +----------------------------------------------------+ Best States ------------- Heat Dissipation 39 Energy Generation 14 Energy Capacity 250 Matter Stores 300 Matter Capacity 300 Sight Range 16 Terrain Scan Range 16 Terrain Scan Density 10 Evasion (%) 40 Recoil Reduction 2 Item Schematics ----------------- None Robot Schematics ------------------ None Fabricated ------------ Nothing Alien Tech Used ----------------- None Achievements -------------- None Challenges ------------ None Game ------ Seed BackupHeartCompressor Manual? 0 Play Time 00:09:35 Cumulative 211.4 hours Start 2024.08.07 @ 16:54:21 End 2024.08.07 @ 17:12:01 Sessions 1 Manual Loads 0 Difficulty Rogue Special Mode None Game No. 179 Rogue 174 Adventurer 5 Explorer 0 Win Type - Total 4 Types 2/0/2/0/0/0/0/0/0 Lore% 43 Gallery% 75 Achievement% 60 Wizard Run 0 Options --------- Layout 2 ASCII 0 Keyboard 0 Movement Mouse Keybinds 0 Fullscreen 2 Font 24/Smallcaps Map View 50x44 Zoom Use 0% Tactical HUD 1 Map Filters NONE Filters NONE Steam 1 RUN: 62c83359-f054-44ce-87b0-35bf25ce8164